 Dungeon Crawl Stone Soup version 0.25.1-2-g60ff931df9 (webtiles) character file.

Game seed: 2097679715646019372

18146 funkygono the Thaumaturge (level 12, -6/89 HPs)
             Began as a Grey Draconian Conjurer on Nov 7, 2020.
             Was an Elder of Sif Muna.
             Engulfed by a fire crab's flame (25 damage)
             ... on level 3 of the Lair of Beasts.
             The game lasted 00:40:57 (17457 turns).

funkygono the Thaumaturge (DrCj)                   Turns: 17457, Time: 00:40:57

Health: -6/89      AC: 19    Str: 11    XL:     12   Next: 25%
Magic:  23/27      EV: 16    Int: 19    God:    Sif Muna [****..]
Gold:   189        SH:  0    Dex: 13    Spells: 21/34 levels left

rFire    . . .     SeeInvis .   n - +6 quarterstaff (chaos)
rCold    . . .     Gourm    .   (shield currently unavailable)
rNeg     . . .     Faith    .   (armour unavailable)
rPois    .         Spirit   .   (helmet restricted)
rElec    .         Reflect  .   o - +1 cloak
rCorr    .         Harm     .   g - +1 pair of gloves
MR       .....                  a - +1 pair of boots
Stlth    ++........             (no amulet)
HPRegen  0.24/turn              (no ring)
MPRegen  0.20/turn              (no ring)

@: no status effects
A: walk through water, unfitting armour, unbreathing, cold-blooded, AC +13
a: Channel Magic, Forget Spell, Divine Exegesis, Renounce Religion


You were on level 3 of the Lair of Beasts.
You worshipped Sif Muna.
Sif Muna was greatly pleased with you.
You were hungry.

You visited 3 branches of the dungeon, and saw 13 of its levels.

You collected 609 gold pieces.
You spent 420 gold pieces at shops.

Inventory:

Hand Weapons
 n - a +6 quarterstaff of chaos (weapon)
Missiles
 u - 306 stones (quivered)
Armour
 a - a +1 pair of boots (worn)
 g - a +1 pair of gloves (worn)
 o - a +1 cloak (worn)
Magical Staves
 q - an uncursed staff of fire
Wands
 s - a wand of paralysis (7)
 w - a wand of flame (57)
 y - a wand of disintegration (5)
Scrolls
 c - 4 scrolls of identify
 e - 11 scrolls of remove curse
 j - 2 scrolls of blinking
 l - 2 scrolls of amnesia
 t - 2 scrolls of fog
 v - 3 scrolls of teleportation
 C - a scroll of magic mapping
Potions
 d - 3 potions of haste
 f - 3 potions of magic
 h - 2 potions of lignification
 i - a potion of flight
 k - 2 potions of stabbing
 m - a potion of might
 p - a potion of brilliance
 r - 4 potions of curing
 x - a potion of berserk rage
 z - 2 potions of cancellation
 B - a potion of resistance {unknown}
Comestibles
 b - 12 rations


   Skills:
 + Level 3.3 Fighting
   Level 0.5(1.7) Maces & Flails
 + Level 2.7 Staves
 * Level 6.8 Dodging
 - Level 1.7 Stealth
 + Level 11.5 Spellcasting
 + Level 11.4 Conjurations
 * Level 3.6 Charms
 * Level 7.1 Ice Magic


You had 21 spell levels left.
You knew the following spells:

 Your Spells              Type           Power        Failure   Level  Hunger
a - Magic Dart            Conj           ####         1%          1    None
b - Searing Ray           Conj           ######       1%          2    None
c - Frozen Ramparts       Ice            #####.       1%          3    None
d - Hailstorm             Conj/Ice       #####...     1%          4    ##.....
e - Ozocubu's Armour      Chrm/Ice       ####....     1%          3    None

Your spell library contained the following spells:

 Spells                   Type           Power        Failure   Level  Hunger
 Freeze                   Ice            ####         1%          1    None
 Dazzling Flash           Conj/Hex       ####..       1%          3    None
 Corona                   Hex            ##.....      6%          1    None
 Summon Butterflies       Summ           ##......     6%          1    None
 Fulminant Prism          Conj/Hex       ####......   6%          4    ##.....
 Iskenderun's Mystic Bla  Conj/Tloc      ####....     6%          4    ##.....
 Slow                     Hex            ##......     10%         2    None
 Summon Ice Beast         Ice/Summ       ###.....     14%         4    ##.....
 Call Canine Familiar     Summ           ##......     19%         3    None
 Inner Flame              Hex/Fire       ##......     19%         3    None
 Portal Projectile        Hex/Tloc       ##....       19%         3    None
 Cause Fear               Hex            ##........   54%         4    ##.....
 Leda's Liquefaction      Hex/Erth       ##........   54%         4    ##.....
 Summon Mana Viper        Hex/Summ       ##......     87%         5    ####...
 Summon Hydra             Summ           ##........   100%        7    #######


Dungeon Overview and Level Annotations

Branches:
Dungeon (9/15)             Temple (1/1) D:6            Lair (3/6) D:8
  Swamp (0/4) Lair:2          Orc (0/2) D:9
  Snake: Lair:2-4    Spider: Lair:2-4

Altars:
Ashenzari
Cheibriados
Dithmenos
Elyvilon
Fedhas
Gozag
Hepliaklqana
Kikubaaqudgha
Makhleb
Nemelex Xobeh
Okawaru
Qazlal
Ru
Sif Muna
Trog
Uskayaw
Vehumet
Wu Jian
Xom
Yredelemnul
Zin
The Shining One

Shops:
D:7 :

Annotations:
Lair:2 exclusion: oklob plant


Innate Abilities, Weirdness & Mutations

You can walk through water.
Your dull iron-grey scales are very hard. (AC +13)
You cannot fit into any form of body armour.
You can survive without breathing.
You are cold-blooded and may be slowed by cold attacks.


Message History

Press: ? - help, Shift-Dir - straight line, f/p - fire crab
Aim: a fire crab (lightly wounded)
The magic dart hits the fire crab but does no damage.
The fire crab is lightly wounded.
You are engulfed in blazing flames.
* * * LOW HITPOINT WARNING * * *
Casting: Magic Dart (safe; 1% risk of failure)
Confirm with . or Enter, or press ? or * to list all spells.
Aiming: Searing Ray (safe; 1% risk of failure)
Press: ? - help, Shift-Dir - straight line, f/p - fire crab
Aim: a fire crab (flame, lightly wounded)
The searing ray hits the fire crab.
The fire crab is moderately wounded. (Press . to maintain the ray.)
You are engulfed in blazing flames.
* * * LOW HITPOINT WARNING * * *
The searing ray hits the fire crab!
The fire crab is heavily wounded.
You are engulfed in blazing flames.
You die...

##...# ##.. #...## #... #..<#
##.. ### ##..### ##..
#########.############....####...
...#P##..###P#.PPP##.............
.................................
..............###############.#..
#####.........'.@..t○...# ###..
##)........#########.# #####..
####..........# #.###.##...
#.#.#.......>.# #○#........
..............# #°#........
........b.....# #.#........
.#....#.#...#.# #t#........
###....##..#### #.#........
##....###..# #.#........


You could see a fire crab.

Vanquished Creatures
  An entropy weaver (Lair:3)
  A hydra (Lair:3)
  Erica (Lair:1)
  2 fire crabs (Lair:3)
  2 black mambas
  A torpor snail (Lair:3)
  4 spiny frogs
  4 komodo dragons
  Maggie (Lair:1)
  2 rime drakes (Lair:3)
  Prince Ribbit (D:8)
  A polar bear (Lair:1)
  4 blink frogs (Lair:2)
  A wyvern (D:8)
  22 yaks
  Duvessa (D:5)
  5 water moccasins
  4 porcupines
  2 ice beasts
  A black bear (D:7)
  2 orc warriors
  A swamp drake (D:9)
  2 sky beasts
  2 phantoms
  6 ogres
  8 wolves
  A centaur (D:8)
  3 crocodiles
  2 big kobolds
  Blork the orc (D:6)
  12 bullfrogs
  A gnoll sergeant (D:9)
  Dowan (D:5)
  3 scorpions
  A wyvern skeleton (D:8)
  3 crimson imps
  A bullfrog zombie (D:5)
  A quasit (D:6)
  3 hounds
  A centaur zombie (D:9)
  12 jellies
  5 orc priests
  2 centaur skeletons
  Crazy Yiuf (D:2)
  2 bullfrog skeletons
  8 orc wizards
  2 iguanas
  8 worker ants
  A hound zombie (D:9)
  A howler monkey zombie (D:6)
  11 gnolls
  12 adders
  12 oozes
  An adder skeleton (D:9)
  2 adder zombies
  5 worms
  2 dart slugs
  4 leopard geckos
  31 orcs
  A ball python (D:1)
  4 bats
  2 bat zombies (D:2)
  8 giant cockroaches
  2 goblins
  10 hobgoblins
  4 jackals (D:3)
  2 quokkas
  7 frilled lizards
  16 kobolds
  3 quokka skeletons
  A quokka zombie (D:2)
  5 rats
303 creatures vanquished.

Vanquished Creatures (others)
  4 fungi
  A plant (Lair:3)
5 creatures vanquished.

Grand Total: 308 creatures vanquished

Notes
Turn   | Place    | Note
-------+----------+-------------------------------------------
     0 | D:1      | funkygono the Draconian Conjurer began the quest for the
                  | Orb.
     0 | D:1      | Reached XP level 1. HP: 14/14 MP: 3/3
   324 | D:1      | Reached XP level 2. HP: 20/20 MP: 0/5
   328 | D:1      | Learned a level 2 spell: Searing Ray
   966 | D:2      | Reached XP level 3. HP: 26/26 MP: 4/6
   975 | D:2      | Reached skill level 5 in Conjurations
  1593 | D:2      | Reached XP level 4. HP: 33/33 MP: 3/7
  1887 | D:2      | Found an opulent altar of Gozag.
  2091 | D:2      | Found a runed translucent door.
  2092 | D:2      | Noticed Crazy Yiuf
  2098 | D:2      | Killed Crazy Yiuf
  2633 | D:3      | Reached XP level 5. HP: 38/38 MP: 5/9
  4056 | D:5      | Entered Level 5 of the Dungeon
  4225 | D:5      | Reached XP level 6. HP: 35/45 MP: 2/12
  4539 | D:5      | Found an ancient bone altar of Kikubaaqudgha.
  4655 | D:5      | Noticed Duvessa
  4655 | D:5      | Noticed Dowan
  4688 | D:5      | Killed Duvessa
  4688 | D:5      | Reached skill level 5 in Spellcasting
  4688 | D:5      | Your scales start taking on a dull iron-grey colour.
  4688 | D:5      | Reached XP level 7. HP: 27/50 MP: 5/14
  4688 | D:5      | Gained mutation: You can survive without breathing. [Grey
                  | Draconian growth]
  5250 | D:5      | Killed Dowan
  5251 | D:5      | You fall into a shaft and drop 1 floor!
  5477 | D:6      | Reached XP level 8. HP: 58/58 MP: 13/17
  5872 | D:6      | Found a white marble altar of Elyvilon.
  6092 | D:6      | Noticed Blork the orc
  6098 | D:6      | Killed Blork the orc
  6139 | D:6      | Found a hazy altar of Hepliaklqana.
  6599 | D:6      | Found a staircase to the Ecumenical Temple.
  6615 | Temple   | Entered the Ecumenical Temple
  6669 | Temple   | Became a worshipper of Sif Muna the Loreminder
  7045 | D:6      | Reached skill level 1 in Fighting
  8010 | D:7      | Found Zoal's Book Shop.
  8332 | D:7      | Reached XP level 9. HP: 64/64 MP: 13/20
  8855 | D:8      | Found a staircase to the Lair.
  9447 | D:8      | Noticed Prince Ribbit
  9456 | D:8      | Killed Prince Ribbit
  9919 | D:9      | Reached * piety under Sif Muna
 10332 | D:9      | Reached skill level 10 in Conjurations
 10694 | D:9      | Reached XP level 10. HP: 73/73 MP: 17/23
 10870 | D:9      | Reached ** piety under Sif Muna
 11339 | D:9      | Found a staircase to the Orcish Mines.
 11627 | D:7      | Bought a book of Frost for 420 gold pieces
 11631 | D:7      | Learned a level 3 spell: Frozen Ramparts
 11636 | D:7      | Learned a level 4 spell: Hailstorm
 11774 | D:8      | Learned a level 3 spell: Ozocubu's Armour
 11797 | Lair:1   | Entered Level 1 of the Lair of Beasts
 11887 | Lair:1   | Reached skill level 1 in Staves
 11887 | Lair:1   | Reached skill level 1 in Ice Magic
 12211 | Lair:1   | Noticed Erica
 12236 | Lair:1   | Killed Erica
 12236 | Lair:1   | Reached skill level 5 in Dodging
 12518 | Lair:1   | Noticed Maggie
 12528 | Lair:1   | Killed Maggie
 12794 | Lair:1   | Reached skill level 10 in Spellcasting
 12908 | Lair:1   | Noticed a spiny frog
 12924 | Lair:1   | Killed a spiny frog
 13030 | Lair:1   | Noticed a black mamba
 13040 | Lair:1   | Killed a black mamba
 13736 | Lair:1   | Reached XP level 11. HP: 33/81 MP: 10/25
 14239 | Lair:2   | Reached skill level 1 in Charms
 14448 | Lair:2   | Found a staircase to the Swamp.
 14947 | Lair:2   | Reached *** piety under Sif Muna
 15097 | Lair:2   | Noticed an oklob plant
 15160 | Lair:2   | Reached skill level 5 in Ice Magic
 15485 | Lair:3   | Noticed a seven-headed hydra
 15948 | Lair:3   | Reached **** piety under Sif Muna
 16249 | Lair:3   | Found a runed translucent door.
 16249 | Lair:3   | Noticed a fire crab
 16546 | Lair:3   | Reached XP level 12. HP: 86/89 MP: 22/27
 16788 | Lair:3   | Killed a seven-headed hydra
 17198 | Lair:3   | Noticed an entropy weaver
 17213 | Lair:3   | Killed an entropy weaver
 17457 | Lair:3   | Engulfed by a fire crab's flame

Illustrated notes

Levels and vault maps discovered:
D:1:      lemuel_arrival_tunnels, layout_basic
D:2:      layout_rooms, serial_undead, serial_undead_c, serial_undead_f,
          serial_undead_f, serial_undead_a, serial_undead_b, serial_undead_a,
          serial_undead_c, st_stairs_11, nicolae_gozag_seed_capital,
          uniq_crazy_yiuf_cottage
D:3:      layout_basic, first_ration
D:4:      layout_loops_ring
D:5:      layout_rooms, tgw_kikubaaqudgha, uniq_duvessa
D:6:      layout_basic, nicolae_overflow_hidden_temple,
          minmay_temple_entry_trees, basic_altar, uniq_blork_the_orc
D:7:      black_bear_nest_2, layout_gridville, serial_shops, kennysheep_mini
D:8:      layout_loops_corners, lair_entry_dummy, minmay_misc_feat_nine_boxes,
          uniq_prince_ribbit1
D:9:      layout_loops_ring, erik_orc_1
Temple:   regret_index_temple_sigil_plot
Lair:1:   layout_long_grid, grunt_megastairs_1, uniq_maggie, uniq_erica
Lair:2:   lemuel_slime, layout_regular_city, swamp_mist
Lair:3:   gammafunk_mikee_crab_dinner, layout_small_grid, lemuel_fruit_fields

Skill      XL: |  1  2  3  4  5  6  7  8  9 10 11 12 |
---------------+-------------------------------------+-----
Conjurations   | 5 6 7 8 10 11 | 11.4
Dodging        | 2 4 5 6 |  6.8
Spellcasting   | 4 5 6 7 9 10 11 | 11.5
Fighting       | 1 2 3 |  3.3
Staves         | 1 2 |  2.7
Ice Magic      | 3 6 7 |  7.1
Charms         | 3 |  3.6
Maces & Flails | |  0.5
Stealth        | |  1.7

Action                   |  1- 3 |  4- 6 |  7- 9 | 10-12 || total
-------------------------+-------+-------+-------+-------++-------
Melee: Mace              |    11 |       |       |       ||    11
       Tailslap          |     1 |       |       |     2 ||     3
       Quarterstaff      |       |     3 |     6 |    34 ||    43
 Cast: Magic Dart        |    57 |    76 |    96 |   111 ||   340
       Searing Ray       |     6 |    21 |    82 |    83 ||   192
       Frozen Ramparts   |       |       |       |    33 ||    33
       Hailstorm         |       |       |       |     4 ||     4
       Ozocubu's Armour  |       |       |       |     1 ||     1
  Use: Scroll            |     5 |    10 |     7 |     6 ||    28
       Potion            |       |     1 |       |     2 ||     3
 Stab: Paralysed         |       |       |       |     2 ||     2
  Eat: Chunk             |     3 |    11 |    18 |    10 ||    42
       Ration            |       |       |       |     3 ||     3
Armor: Skin              |     9 |    11 |    33 |    68 ||   121
Dodge: Dodged            |    16 |    20 |    51 |   139 ||   226
